 Dungeon Crawl Stone Soup version 0.30-a0-1066-g63dfefce0d (webtiles) character file.

Game seed: 1400686813585285157

91506 BubbleThief the Warrior (level 16, -19/174 HPs)
             Began as a Naga Cinder Acolyte on Apr 12, 2023.
             Was a Priest of Ignis.
             Demolished by a caustic shrike simulacrum (39 damage)
             ... in an ice cave.
             The game lasted 00:44:16 (28259 turns).

BubbleThief the Warrior (Naga Cinder Acolyte)      Turns: 28259, Time: 00:44:17

Health: -19/174    AC: 30    Str: 28    XL:     16   Next: 3%
Magic:  24/24      EV:  7    Int: 16    God:    Ignis [***...]
Gold:   1166       SH:  0    Dex:  7    Spells: 17/26 levels left

rFire   + + +      SeeInvis +    H - +4 dire flail (flame)
rCold   . . .      Faith    .    (shield currently unavailable)
rNeg    . . .      Spirit   .    o - +3 leather armour "Xivais" {rF+ Str+5}
rPois   +          Reflect  .    l - +2 helmet
rElec   .          Rampage  .    M - +0 cloak
rCorr   .                        s - +1 pair of gloves
Will    ++...                    L - +0 barding of Jiatwak {+Inv rF+}
Stlth   +                        P - amulet of magic regeneration
HPRegen 0.49/turn                F - +4 ring of protection
MPRegen 0.59/turn                v - +4 ring of slaying

@: fiery-armoured, very slow
A: AC +5, large, see invisible, deformed body, poison resistance, slowness 2,
spit poison 1, naga tail 2
a: Spit Poison, Renounce Religion, Evoke Invisibility, Fiery Armour, Foxfire
Swarm, Rising Flame


You were in an ice cave.
You worshipped Ignis.
Ignis was most pleased with you.
You visited 4 branches of the dungeon, and saw 23 of its levels.
You also visited: Sewer and Ice Cave.

You collected 2351 gold pieces.
You spent 1185 gold pieces at shops.

Inventory:

Hand Weapons
 H - a +4 dire flail of flaming (weapon)
Armour
 l - a +2 helmet (worn)
 o - the +3 leather armour "Xivais" (worn) {rF+ Str+5}
   (You found it on level 2 of the Dungeon)

   Str:       It affects your strength (+5).
   rF:        It protects you from fire.
 s - a +1 pair of gloves (worn)
 L - the +0 barding of Jiatwak (worn) {+Inv rF+}
   (You acquired it on level 2 of the Orcish Mines)

   rF:        It protects you from fire.
   +Inv:      It lets you turn invisible.
 M - a +0 cloak (worn)
Jewellery
 d - a ring of protection from fire
 v - a +4 ring of slaying (right hand)
 F - a +4 ring of protection (left hand)
 G - a ring of wizardry
 I - a ring of positive energy
 P - an amulet of magic regeneration (around neck)
Wands
 b - a wand of digging (2)
 u - a wand of iceblast (23)
 w - a wand of flame (20)
 C - a wand of acid (9)
Scrolls
 a - 7 scrolls of amnesia
 c - 18 scrolls of teleportation
 g - 4 scrolls of identify
 i - 5 scrolls of fog
 p - 4 scrolls of poison
 r - 4 scrolls of blinking
 t - 2 scrolls of enchant weapon
 B - a scroll of torment
 D - 4 scrolls of fear
 K - 2 scrolls of enchant armour
Potions
 e - 5 potions of heal wounds
 f - 3 potions of lignification
 h - 4 potions of magic
 j - 9 potions of curing
 k - 6 potions of might
 m - 6 potions of flight
 n - 6 potions of haste
 q - 5 potions of mutation
 x - 7 potions of brilliance
 z - 6 potions of berserk rage
 A - 4 potions of attraction
 E - a potion of resistance
 J - a potion of invisibility
 N - a potion of ambrosia
Miscellaneous
 O - a box of beasts


   Skills:
 - Level 18.6 Fighting
 - Level 18.1 Maces & Flails
 + Level 5.7 Spellcasting
 + Level 5.0 Conjurations
 + Level 6.9 Fire Magic
 + Level 6.6 Poison Magic


You had 17 spell levels left.
You knew the following spells:

 Your Spells              Type           Power      Damage    Failure   Level
a - Scorch                Fire           52%        2d7       1%          2
b - Ignite Poison         Fire/Tmut/Pois 19%        N/A       8%          3
c - Sticky Flame          Conj/Fire      23%        2d4       13%         4

Your spell library contained the following spells:

 Spells                   Type           Power      Damage    Failure   Level
 Shock                    Conj/Air       48%        1d6       5%          1
 Sandblast                Erth           8%         2d5       16%         1
 Slow                     Hex            16%        N/A       16%         1
 Dazzling Flash           Conj/Hex       24%        N/A       17%         3
 Stone Arrow              Conj/Erth      24%        3d8       17%         3
 Passwall                 Tmut/Erth      3%         N/A       24%         2
 Sublimation of Blood     Necr           4%         N/A       24%         2
 Confusing Touch          Hex            4%         N/A       43%         3
 Gell's Gravitas          Tloc           4%         N/A       43%         3
 Swiftness                Air            4%         N/A       43%         3
 Teleport Other           Tloc           4%         N/A       43%         3
 Vampiric Draining        Necr           4%         2d6       43%         3
 Airstrike                Air            2%         2d(1-17)  83%         4
 Petrify                  Tmut/Erth      4%         N/A       83%         4
 Irradiate                Conj/Tmut      6%         3d13      83%         5
 Agony                    Necr           4%         N/A       99%         5
 Silence                  Hex/Air        2%         N/A       99%         5
 Dispersal                Tloc           2%         N/A       100%        6
 Ignition                 Fire           13%        3d6       100%        8


Dungeon Overview and Level Annotations

Branches:
Dungeon (15/15)            Temple (1/1) D:7            Lair (5/5) D:11
 Shoals (0/4) Lair:3       Spider (0/4) Lair:2        Slime (0/5) Lair:5
    Orc (2/2) D:10            Elf (0/3) Orc:2        Vaults (0/5) D:13
 Depths (0/4) D:15          Sewer (visited)           IceCv (1/1)

Altars:
Dithmenos
Elyvilon
Hepliaklqana
Makhleb
Nemelex Xobeh
Okawaru
Qazlal
Ru
Sif Muna
Uskayaw
Vehumet
Zin
Jiyva

Shops:
D:6 ?   D:8 [?   Orc:2 ?*=[[

Annotations:
Lair:5 exclusion: 4 oklob plants


Innate Abilities, Weirdness & Mutations

Your serpentine skin is tough. (AC +5)
You have supernaturally acute eyesight. (SInv)
Armour fits poorly on your strangely shaped body.
Your system is resistant to poisons. (rPois)
You cover ground very slowly.
You can spit poison.
You can use your snake-like lower body to constrict enemies.


Message History

The harpy simulacrum is burned by your cloak of flames.
The harpy simulacrum vaporises!
The harpy simulacrum claws you but does no damage.
The harpy simulacrum melts!
The harpy simulacrum is burned by your cloak of flames.
The harpy simulacrum is heavily damaged.
The harpy simulacrum claws you but does no damage.
The harpy simulacrum melts!
The harpy simulacrum is burned by your cloak of flames.
The harpy simulacrum is almost destroyed.
The caustic shrike simulacrum closely misses you.
Your Conjurations skill increases to level 5!
Unknown command.
You impale the caustic shrike simulacrum!!
You melt the caustic shrike simulacrum.
You grab the caustic shrike simulacrum.
The caustic shrike simulacrum is severely damaged.
You constrict the caustic shrike simulacrum.
The harpy simulacrum claws you but does no damage.
The harpy simulacrum melts!
The harpy simulacrum is burned by your cloak of flames.
The harpy simulacrum vaporises!
The caustic shrike simulacrum claws you!
* * * LOW HITPOINT WARNING * * *
The caustic shrike simulacrum freezes you!!!
* * * LOW HITPOINT WARNING * * *
Unknown command.
You feel much better.
You constrict the caustic shrike simulacrum.
The caustic shrike simulacrum claws you but does no damage.
The caustic shrike simulacrum melts!
The caustic shrike simulacrum is burned by your cloak of flames.
The caustic shrike simulacrum is almost destroyed.
The caustic shrike simulacrum claws you but does no damage.
A freezing wraith comes into view.
You release your grip on the caustic shrike simulacrum.
The caustic shrike simulacrum attacks as you move away!
The caustic shrike simulacrum claws you.
* * * LOW HITPOINT WARNING * * *
The caustic shrike simulacrum freezes you!!!
You die...

#########
#.......#
#...@...#
#..Z.°..#
#.......#
#...Z...#
##..ZZ.##
##...##
##Z## .W.
.Z.


You could see a freezing wraith (wandering), 2 alligator simulacra, a golden
dragon simulacrum and 2 caustic shrike simulacra.

Vanquished Creatures
  Gastronok (Lair:3)
  A shadow dragon (D:13)
  An ironbound preserver (D:13)
  A dire elephant (Lair:5)
  Josephine (D:13)
  A fire dragon (Lair:5)
  An entropy weaver (shapeshifter) (D:14)
  Erolcha (D:11)
  7 hydras
  An ogre mage (D:14)
  9 two-headed ogres
  3 centaur warriors
  9 boulder beetles
  3 tengu warriors (D:14)
  3 orc high priests (Orc:2)
  3 death yaks (D:11)
  The ghost of Sleet the Covert, a journeyman SpEn of Dithmenos (D:11)
  8 skeletal warriors (D:13)
  A phantasmal warrior (D:13)
  A lindwurm (Lair:4)
  2 wizards
  A swamp dragon (Lair:5)
  Pikel (D:4)
  A harpy (shapeshifter) (D:10)
  6 orc knights
  3 manticores
  5 ugly things
  3 deep elf pyromancers (D:13)
  6 orc sorcerers
  5 cyclopes
  An ice statue (D:15)
  16 elephants
  2 black mambas
  An unseen horror (D:11)
  5 cane toads
  2 gargoyles (D:12)
  Maggie (D:9)
  3 komodo dragons
  5 kobold demonologists
  A rime drake (Lair:5)
  An efreet (D:14)
  A tengu conjurer (D:13)
  A freezing wraith (D:10)
  9 polar bears (Lair:5)
  6 trolls
  11 blink frogs
  2 raiju (Lair:5)
  A snapping turtle (Lair:3)
  5 hornets
  4 slime creatures (D:15)
  2 jumping spiders (Lair:2)
  4 wyverns
  3 shadows (D:12)
  7 wraiths
  40 yaks
  7 basilisks
  9 vampire mosquitoes
  Grum (D:10)
  4 steam dragons
  2 redbacks (Lair:2)
  6 wargs
  3 harpy simulacra (IceCv)
  10 water moccasins
  4 acid dragons
  15 hell hounds (Lair:5)
  5 ice beasts
  3 sky beasts
  Pargi (Sewer)
  14 orc warriors
  11 black bears (Lair:5)
  9 ogres
  19 wolves
  A phantom (D:7)
  9 centaurs
  7 kobold brigands
  2 scorpions (D:5)
  10 bullfrogs
  2 gnoll sergeants
  7 wights
  4 howler monkeys
  3 electric eels
  3 jellies
  9 hounds
  14 orc priests
  2 sleepcaps
  6 iguanas
  22 orc wizards
  12 gnolls
  8 adders
  4 white imps
  An ufetubus (D:6)
  3 worms
  4 dart slugs
  62 orcs
  8 endoplasms
  A giant cockroach (D:2)
  11 goblins
  6 hobgoblins
  3 jackals (D:1)
  5 quokkas
  10 ball pythons
  6 bats
  5 frilled lizards
  31 kobolds
  7 rats
  A fungus (Lair:4)
636 creatures vanquished.

Vanquished Creatures (others)
  13 fungi
  45 plants
58 creatures vanquished.

Grand Total: 694 creatures vanquished

Notes
Turn   | Place    | Note
-------+----------+-------------------------------------------
     0 | D:1      | BubbleThief the Naga Cinder Acolyte began the quest for the
                  | Orb.
     0 | D:1      | Reached XP level 1. HP: 21/21 MP: 2/2
    66 | D:1      | Reached XP level 2. HP: 19/28 MP: 3/3
   151 | D:1      | Learned a level 2 spell: Scorch
   850 | D:2      | Reached XP level 3. HP: 34/34 MP: 5/5
  1054 | D:2      | Found a faded altar of an unknown god.
  1227 | D:2      | Identified the +3 leather armour "Xivais" {rF+ Str+5}
  1426 | D:2      | Reached XP level 4. HP: 42/42 MP: 1/6
  1947 | D:3      | Found a glowing drain.
  1965 | Sewer    | Entered a sewer
  2158 | Sewer    | Noticed Pargi
  2168 | Sewer    | Killed Pargi
  2169 | Sewer    | Reached XP level 5. HP: 48/50 MP: 1/8
  2507 | D:3      | Found a sacrificial altar of Ru.
  2774 | D:3      | Found a shadowy altar of Dithmenos.
  2996 | D:3      | Reached XP level 6. HP: 24/57 MP: 1/10
  3562 | D:4      | Reached XP level 7. HP: 55/66 MP: 6/11
  3605 | D:4      | Found a hazy altar of Hepliaklqana.
  3781 | D:4      | Noticed Pikel
  3816 | D:4      | Killed Pikel
  3817 | D:4      | Reached XP level 8. HP: 12/76 MP: 12/12
  4509 | D:4      | Found a sparkling altar of Nemelex Xobeh.
  4540 | D:4      | Found a burning altar of Makhleb.
  4540 | D:4      | Noticed a cacodemon
  4599 | D:5      | Entered Level 5 of the Dungeon
  5638 | D:5      | Reached XP level 9. HP: 87/87 MP: 6/13
  6014 | D:6      | Noticed a +0 dagger
  6016 | D:6      | Noticed a +0 falchion
  6023 | D:6      | Found a hide-covered altar of Uskayaw.
  6023 | D:6      | Noticed a +0 falchion
  6023 | D:6      | Noticed a +0 spear
  6023 | D:6      | Noticed a +0 dagger
  6024 | D:6      | Noticed a +0 spear
  6026 | D:6      | Noticed a +0 short sword
  6026 | D:6      | Noticed a +0 short sword
  6423 | D:6      | Found a shimmering blue altar of Sif Muna.
  7037 | D:6      | Found Xusteve's Magic Scroll Shop.
  7432 | D:7      | Found a staircase to the Ecumenical Temple.
  7605 | D:7      | Identified the +6 flail "Impslayer" {protect, *Corrode
                  | rElec Int+4}
  7810 | D:7      | Noticed a kobold demonologist
  7810 | D:7      | Noticed a kobold demonologist
  7822 | D:7      | Killed a kobold demonologist
  7831 | D:7      | Killed a kobold demonologist
  7832 | D:7      | Reached XP level 10. HP: 67/102 MP: 14/14
  7854 | D:7      | Reached skill level 10 in Fighting
  8016 | D:7      | Reached skill level 10 in Maces & Flails
  8726 | D:8      | Noticed a two-headed ogre
  8746 | D:8      | Killed a two-headed ogre
  8977 | D:8      | Noticed a white ugly thing
  8993 | D:8      | Killed a white ugly thing
  9531 | D:8      | Found Pesown's Armour Boutique.
  9661 | D:8      | Found Den Cops's Magic Scroll Shoppe.
  9666 | D:8      | Bought a scroll of blinking for 97 gold pieces
  9666 | D:8      | Bought a scroll of teleportation for 39 gold pieces
  9961 | D:9      | Noticed Maggie
  9970 | D:9      | Killed Maggie
 10027 | D:9      | Found a white marble altar of Elyvilon.
 10076 | D:9      | Reached XP level 11. HP: 111/111 MP: 12/15
 10425 | D:9      | Found a radiant altar of Vehumet.
 11032 | D:10     | Entered Level 10 of the Dungeon
 11292 | D:10     | Noticed a cyclops
 11301 | D:10     | Killed a cyclops
 11489 | D:10     | Noticed Grum
 11501 | D:10     | Killed Grum
 11758 | D:10     | Found a stormy altar of Qazlal.
 11895 | D:10     | Noticed a cyclops
 11902 | D:10     | Killed a cyclops
 12022 | D:10     | a yak changed into a harpy
 12022 | D:10     | Noticed a harpy (shapeshifter)
 12023 | D:10     | Killed a harpy
 12285 | D:10     | Noticed a two-headed ogre
 12286 | D:10     | Noticed a two-headed ogre
 12287 | D:10     | Noticed a two-headed ogre
 12297 | D:10     | Killed a two-headed ogre
 12304 | D:10     | Killed a two-headed ogre
 12305 | D:10     | Reached XP level 12. HP: 33/123 MP: 13/16
 12309 | D:10     | Killed a two-headed ogre
 12876 | D:10     | Found a staircase to the Orcish Mines.
 13002 | Temple   | Entered the Ecumenical Temple
 13250 | D:11     | Noticed a boulder beetle
 13260 | D:11     | Killed a boulder beetle
 13342 | D:11     | Noticed a death yak
 13342 | D:11     | Noticed a death yak
 13354 | D:11     | Killed a death yak
 13366 | D:11     | Killed a death yak
 13455 | D:11     | Noticed a death yak
 13469 | D:11     | Killed a death yak
 13567 | D:11     | Found a staircase to the Lair.
 13578 | Lair:1   | Entered Level 1 of the Lair of Beasts
 14866 | Lair:2   | Found a hole to the Spider Nest.
 14888 | Lair:2   | Reached skill level 15 in Fighting
 15555 | Lair:3   | Noticed a boulder beetle
 15575 | Lair:3   | Killed a boulder beetle
 15576 | Lair:3   | Gained mutation: You can use your snake-like lower body to
                  | constrict enemies. [Naga growth]
 15576 | Lair:3   | Reached XP level 13. HP: 75/139 MP: 10/17
 15817 | Lair:3   | Noticed Gastronok
 16121 | Lair:3   | Killed Gastronok
 16122 | Lair:3   | Reached skill level 15 in Maces & Flails
 16139 | Lair:3   | Found a staircase to the Shoals.
 17597 | Lair:5   | Entered Level 5 of the Lair of Beasts
 17597 | Lair:5   | Found a viscous altar of Jiyva.
 17597 | Lair:5   | Found a staircase to the Slime Pits.
 18819 | Lair:5   | Reached XP level 14. HP: 138/151 MP: 15/18
 19056 | Lair:5   | Noticed a dire elephant
 19089 | Lair:5   | Killed a dire elephant
 20572 | D:11     | Noticed Sleet's ghost (journeyman SpEn)
 20587 | D:11     | Found a runed translucent door.
 20971 | D:11     | Noticed Erolcha
 20976 | D:11     | Killed Erolcha
 21221 | D:11     | Killed Sleet's ghost
 21626 | D:12     | You fall into a shaft and drop 2 floors!
 21880 | D:14     | Found an iron altar of Okawaru.
 22414 | D:13     | Reached XP level 15. HP: 47/164 MP: 17/19
 22833 | D:13     | Noticed a shadow dragon
 23389 | D:12     | Learned a level 3 spell: Ignite Poison
 23394 | D:12     | Learned a level 4 spell: Sticky Flame
 23725 | D:12     | Identified the +1 hand axe of Triumph {freeze, Fly Str-5
                  | Dex+3}
 23894 | Orc:1    | Entered Level 1 of the Orcish Mines
 23961 | Orc:1    | Reached skill level 1 in Poison Magic
 24485 | Orc:2    | Entered Level 2 of the Orcish Mines
 24520 | Orc:2    | Found a staircase to the Elven Halls.
 24545 | Orc:2    | Reached skill level 1 in Conjurations
 24784 | Orc:2    | Found Nafauf's Magic Scroll Boutique.
 24793 | Orc:2    | Bought a scroll of teleportation for 42 gold pieces
 24793 | Orc:2    | Bought a scroll of blinking for 105 gold pieces
 24793 | Orc:2    | Bought a scroll of teleportation for 42 gold pieces
 24793 | Orc:2    | Bought a scroll of enchant armour for 105 gold pieces
 25244 | Orc:2    | Reached skill level 5 in Fire Magic
 25324 | Orc:2    | Found Vasa's Armour Shoppe.
 25595 | Orc:2    | Found Cawisk's Armour Shop.
 25667 | Orc:2    | Found Foept's Jewellery Shop.
 25686 | Orc:2    | Found Koat Nech's Assorted Antiques.
 25695 | Orc:2    | Bought a cyan potion for 27 gold pieces
 25856 | Orc:2    | Bought a scroll of acquirement for 728 gold pieces
 25856 | Orc:2    | Acquired the +0 barding of Jiatwak {+Inv rF+}
 26061 | D:13     | Noticed Josephine
 26095 | D:13     | Killed Josephine
 26372 | D:13     | Killed a shadow dragon
 26373 | D:13     | Reached skill level 5 in Poison Magic
 26699 | D:13     | Reached skill level 5 in Spellcasting
 26992 | D:13     | Found a gate to the Vaults.
 28006 | D:15     | Entered Level 15 of the Dungeon
 28035 | D:15     | Reached XP level 16. HP: 174/174 MP: 24/24
 28066 | D:15     | Found a frozen archway.
 28251 | IceCv    | Entered an ice cave
 28257 | IceCv    | Reached skill level 5 in Conjurations
 28257 | IceCv    | HP: 3/174 [caustic shrike simulacrum (42)]
 28259 | IceCv    | Demolished by a caustic shrike simulacrum

Illustrated notes

Levels and vault maps discovered:
D:1:      minmay_arrival_stair_chambers, layout_basic
D:2:      layout_rooms, hellmonk_ecumenical_altar_heavens_door
D:3:      layout_basic, grunt_dithmenos_smoke_and_mirrors,
          nicolae_ru_awakened_eye, cheibrodos_sewer_entry_bend
D:4:      layout_cave_pods, makhleb_altar_promises_db,
          mainiacjoe_overflow_surrounded_room, marbit_many_paths, minivault_19,
          minmay_misc_feat_chi, minmay_distorted, uniq_pikel
D:5:      layout_basic
D:6:      layout_loops_corners, mainiacjoe_overflow_chevrons,
          nicolae_uskayaw_en_pointe, serial_shops, kennysheep_mini_moat
D:7:      hellmonk_ruined_rings, layout_cave_pools,
          minmay_temple_entry_drinking_statues
D:8:      layout_loops_cross, serial_shops, nicolae_shop_hallway_plus,
          nicolae_stop_n_shop_2
D:9:      layout_loops_ring, elyvilon_altar_5, nicolae_vehumet_radiance,
          kennysheep_generic_room_13, uniq_maggie
D:10:     kennysheep_ambush_hall, layout_stronghold, grunt_qazlal_clouds,
          hiddenorc1_lemuel, kb_rosetta, uniq_grum
D:11:     layout_roguey, dpeg_lair_monsters, hellmonk_ghost_happy_afterlife,
          uniq_erolcha
D:12:     layout_basic, evilmike_butchery
D:13:     layout_basic, skrybe_vaults_entry_preservation, minmay_radiant,
          uniq_josephine
D:14:     layout_irregular_city, hangedman_decor_push, okawaru_metal_pillars_3
D:15:     hangedman_depths_entry_civil_slaughter, layout_basic,
          trog_three_pillars_becter, portal_ice_cave_entry_ice_statue_one,
          nicolae_fountain_basement, uniq_jorgrun
Temple:   nicolae_temple_ecumenical_triangle
Lair:1:   layout_regular_city, grunt_forest_small_clearings, minivault_27
Lair:2:   layout_roguey, spider_nest_entry_a, serial_bayou_shore_b
Lair:3:   layout_cave_pods, minmay_shoals_entry_hut,
          nicolae_quartered_pool_medium, nicolae_lair_lil_pond, uniq_gastronok
Lair:4:   layout_hall_layers, lemuel_fruit_tree, grunt_megastairs_1
Lair:5:   guppyfry_lair_end_dragon, layout_misc_corridors,
          hangedman_lair_caniforms_friends, minmay_slime_entry_oklob_open,
          nzn_sisyphean_effort, infiniplex_staircase_pool
Orc:1:    layout_diamond_mine
Orc:2:    st_orc_elflike, layout_diamond_mine, serial_shops,
          nicolae_lakefront_shop
IceCv:    ice_cave_statue_garden_chambered

Skill      XL: |  1  2  3  4  5  6  7  8  9 10 11 12 13 14 15 16 |
---------------+-------------------------------------------------+-----
Spellcasting   | 2 3 5 |  5.7
Fighting       | 4 6 7 9 11 12 15 16 18 | 18.6
Maces & Flails | 4 6 7 9 11 13 14 16 17 18 | 18.1
Fire Magic     | 4 6 |  6.9
Poison Magic   | 6 |  6.6
Conjurations   | 4 5 |  5.0

Action                     |  1- 3 |  4- 6 |  7- 9 | 10-12 | 13-15 | 16-18 || total
---------------------------+-------+-------+-------+-------+-------+-------++-------
  Melee: Mace              |    54 |    44 |       |       |       |       ||    98
         Punch             |     1 |       |     6 |     4 |       |       ||    11
         Flail             |       |    11 |    20 |       |       |       ||    31
         Whip              |       |       |   169 |   125 |       |       ||   294
         Dire flail        |       |       |       |   335 |   915 |     8 ||  1258
         Constrict         |       |       |       |       |   168 |     2 ||   170
   Cast: Scorch            |    17 |    41 |    99 |    95 |   132 |     1 ||   385
 Invoke: Fiery Armour      |       |       |     1 |     2 |     2 |     1 ||     6
Ability: Spit Poison       |    26 |    19 |    20 |    26 |    20 |       ||   111
  Evoke: Wand              |       |       |     4 |     1 |       |       ||     5
    Use: Scroll            |       |     7 |     4 |    14 |     8 |       ||    33
         Potion            |       |     1 |       |     2 |       |     1 ||     4
 Armour: Robe              |    18 |       |       |       |       |       ||    18
         Leather armour    |     2 |    45 |   121 |   171 |   456 |    20 ||   815
  Dodge: Dodged            |    38 |    45 |    92 |   193 |   306 |     1 ||   675

Table legend: (Time is in decaauts)
 A = Elapsed time spent in this place.
 B = Non-inter-level travel time spent in this place.
 C = Inter-level travel time spent in this place.
 D = Time resting spent in this place.
 E = Time spent auto-exploring this place.
 F = Levels seen in this place.
 G = Mean time per level.
                   A        B        C        D        E       F      G
               +--------+--------+--------+--------+--------+-----+--------+
         Total |  33418 |  31763 |   1655 |   1852 |  25924 |  25 | 1336.7 |
       Dungeon |  22281 |  21321 |    960 |    774 |  17862 |  15 | 1485.4 |
        Temple |      1 |      1 |      0 |      0 |      0 |   1 |    1.0 |
          Lair |   8199 |   7894 |    305 |    625 |   6346 |   5 | 1639.8 |
  Orcish Mines |   2501 |   2112 |    389 |    453 |   1374 |   2 | 1250.5 |
         Sewer |    426 |    426 |      0 |      0 |    341 |   1 |  426.0 |
      Ice Cave |      8 |      8 |      0 |      0 |      0 |   1 |    8.0 |
               +--------+--------+--------+--------+--------+-----+--------+

Top non-repeatable levels by time:
  Lair:5: 3012 daAuts
    D:10: 2329 daAuts
    D:13: 2014 daAuts
     D:6: 1840 daAuts
     D:8: 1750 daAuts
    D:12: 1643 daAuts
     D:4: 1596 daAuts
    D:14: 1575 daAuts
  Lair:3: 1538 daAuts
     D:9: 1533 daAuts
  Lair:2: 1521 daAuts
     D:5: 1511 daAuts
     D:3: 1482 daAuts
    D:11: 1395 daAuts
   Orc:2: 1344 daAuts
